 Dungeon Crawl Stone Soup version 0.26-a0-952-g76694b35de (webtiles) character file.

Game seed: 4564125221286433341

21 sokol815 the Skirmisher (level 2, 0/24 HPs)
             Began as a Demonspawn Fighter on Nov 30, 2020.
             Slain by a giant cockroach (1 damage)
             ... on level 2 of the Dungeon.
             The game lasted 00:01:11 (364 turns).

sokol815 the Skirmisher (Demonspawn Fighter)         Turns: 364, Time: 00:01:12

Health: 0/24       AC:  6    Str: 16    XL:     2   Next: 62%
Magic:  2/2        EV:  6    Int:  9    God:
Gold:   4          SH:  8    Dex: 12    Spells: 1/1 levels left

rFire    . . .     SeeInvis .   a - +0 war axe
rCold    . . .     Faith    .   c - +0 kite shield
rNeg     . . .     Spirit   .   b - +0 scale mail
rPois    .         Reflect  .   (no helmet)
rElec    .         Harm     .   (no cloak)
rCorr    .         Rampage  .   (no gloves)
MR       .....                  (no boots)
Stlth    ..........             (no amulet)
HPRegen  0.08/turn              (no ring)
MPRegen  0.08/turn              (no ring)

@: no status effects
A: rot immunity
a: no special abilities


You were on level 2 of the Dungeon.
You visited 1 branch of the dungeon, and saw 2 of its levels.

You collected 4 gold pieces.

Inventory:

Hand Weapons
 a - a +0 war axe (weapon)
Missiles
 h - 27 stones (quivered)
 i - 21 arrows
 k - 24 sling bullets
Armour
 b - a +0 scale mail (worn)
 c - a +0 kite shield (worn)
Scrolls
 g - a scroll of enchant armour {unknown}
 j - a scroll of identify {unknown}
Potions
 d - a potion of might
 e - a potion of heal wounds {unknown}
 f - a potion of invisibility {unknown}


   Skills:
 + Level 3.3 Fighting
 * Level 2.6 Axes
 - Level 2.6 Armour
 - Level 2.6 Shields


You had one spell level left.
You didn't know any spells.
Your spell library was empty.

Dungeon Overview and Level Annotations

Branches:
Dungeon (1/15)

Altars:
Xom


Innate Abilities, Weirdness & Mutations

You are immune to rotting.


Message History

Your shield and scale mail prevent you from hitting the gnoll.
The gnoll is moderately wounded.
The gnoll barely misses you. x2
The gnoll hits you from afar with a +0 halberd.
The gnoll hits you but does no damage.
The gnoll hits you from afar with a +0 spear.
Your shield prevents you from hitting the gnoll.
The gnoll is moderately wounded.
The gnoll closely misses you. The gnoll hits you.
The gnoll hits you from afar with a +0 spear!
* * * LOW HITPOINT WARNING * * *
You block the gnoll's attack. The gnoll closely misses you.
A giant cockroach comes into view.
The giant cockroach bites you.
* * * LOW HITPOINT WARNING * * *
The giant cockroach bites you.
* * * LOW HITPOINT WARNING * * *
The giant cockroach bites you.
You die...

.+ #r## .# .# #... .# #.#
#.## .## #.# #.## ..# #^##
#.## #.# ... ### #.# #.
#.############### #.####
##.#####.##...gr....g..g
#..#.#
.......@B##g############
##.#.# ##.#####g##.# #...#
#.# #.##.###### ##..# # #.#
###.g.......#
###..##.###.###.#.....#.###
............).).#.##..#.#
.....######.###.#.....#.#
###..# #†###.#.###.#.#
##.######.............#


You could see 2 gnolls and a giant cockroach.

Vanquished Creatures
  A gnoll (D:2)
  3 bats (D:2)
  A giant cockroach (D:1)
  A goblin (D:2)
  2 hobgoblins
  A frilled lizard (D:1)
  2 kobolds
11 creatures vanquished.

Notes
Turn   | Place    | Note
-------+----------+-------------------------------------------
     0 | D:1      | sokol815 the Demonspawn Fighter began the quest for the
                  | Orb.
     0 | D:1      | Reached XP level 1. HP: 18/18 MP: 1/1
    86 | D:1      | You fall into a shaft and drop 1 floor!
   261 | D:2      | Gained mutation: You are immune to rotting. [demonic
                  | ancestry]
   261 | D:2      | Reached XP level 2. HP: 23/24 MP: 2/2
   322 | D:2      | Found a shimmering altar of Xom.
   334 | D:2      | HP: 1/24 [gnoll/+0 spear (8)]
   363 | D:2      | HP: 1/24 [giant cockroach (1)]
   364 | D:2      | Slain by a giant cockroach

Illustrated notes

Levels and vault maps discovered:
D:1:      lightli_arrival_statuegarden, layout_basic
D:2:      layout_basic, lemuel_doored_altar, chequers_serial_rivers_marsh

Skill      XL: |  1 |
---------------+----+-----
Axes           | 2 |  2.6
Fighting       | |  3.3
Armour         | |  2.6
Shields        | |  2.6

Action                   || total
-------------------------++-------
Melee: War axe           ||    36
Armor: Scale mail        ||    19
Dodge: Dodged            ||    12
Block: Kite shield       ||    22

Table legend: (Time is in decaauts)
 A = Elapsed time spent in this place.
 B = Non-inter-level travel time spent in this place.
 C = Inter-level travel time spent in this place.
 D = Time resting spent in this place.
 E = Time spent auto-exploring this place.
 F = Levels seen in this place.
 G = Mean time per level.
                   A        B        C        D        E       F      G
               +--------+--------+--------+--------+--------+-----+--------+
         Total |    380 |    380 |      0 |      0 |    250 |   2 |  190.0 |
       Dungeon |    380 |    380 |      0 |      0 |    250 |   2 |  190.0 |
               +--------+--------+--------+--------+--------+-----+--------+

Top non-repeatable levels by time:
     D:2: 290 daAuts
     D:1: 90 daAuts
